 Dungeon Crawl Stone Soup version 0.20.1-1-g8b1a95d (webtiles) character file.

4214 Peloso the Carver (level 10, 0/77 HPs)
             Began as a Demonspawn Fighter on July 30, 2017.
             Was a Priest of Okawaru.
             Slain by a troll (9 damage)
             ... on level 8 of the Dungeon.
             The game lasted 00:21:05 (7774 turns).

Peloso the Carver (Demonspawn Fighter)              Turns: 7774, Time: 00:21:06

Health: 0/77       AC: 14    Str: 19    XL:     10   Next: 9%
Magic:  11/11      EV:  7    Int: 13    God:    Okawaru [***...]
Gold:   257        SH: 10    Dex: 13    Spells: 9/9 levels left

rFire    . . .     SeeInvis .   a - +0 long sword
rCold    . . .     Gourm    .   c - +0 shield
rNeg     . . .     Faith    .   p - +0 chain mail
rPois    .         Spirit   .   (helmet restricted)
rElec    .         Reflect  .   (no cloak)
rCorr    .         Harm     .   z - +0 pair of gloves
MR       .....                  J - +0 pair of boots
Stlth    ..........             (no amulet)
Regen    0.3/turn               (no ring)
MPRegen  0.2/turn               O - +3 ring of intelligence

@: no status effects
A: antennae 1, thin metallic scales 1, foul stench 1, spiny 1, rot immunity
a: Heroism, Renounce Religion


You were on level 8 of the Dungeon.
You worshipped Okawaru.
Okawaru was most pleased with you.
You were not hungry.

You visited 2 branches of the dungeon, and saw 9 of its levels.
You also visited: Ossuary.

You collected 472 gold pieces.
You spent 215 gold pieces at shops.

Inventory:

Hand Weapons
 a - a +0 long sword (weapon)
 M - a +3 short sword
Armour
 b - a +0 scale mail
 c - a +0 shield (worn)
 p - a +0 chain mail (worn)
 z - a +0 pair of gloves (worn)
 H - the +0 helmet "Uxaolad" {Stlth+}
   (You found it on level 4 of the Dungeon)

   It makes you more stealthy.
 J - a +0 pair of boots (worn)
Jewellery
 u - an uncursed ring of resist corrosion
 A - an uncursed amulet of rage
 O - a +3 ring of intelligence (right hand)
Wands
 s - a wand of confusion (15/48)
 E - a wand of iceblast (0/15)
 N - a wand of polymorph (13/24)
Scrolls
 g - 3 scrolls of recharging
 j - 2 scrolls of amnesia
 k - a scroll of fog
 q - 2 scrolls of magic mapping
 v - 3 scrolls of teleportation
 y - a scroll of remove curse
 B - 4 scrolls of identify {unknown}
 D - 2 scrolls of enchant armour
 I - a scroll of enchant weapon
 K - 4 scrolls of noise {unknown}
 L - 2 scrolls of blinking {unknown}
 P - a scroll of vulnerability {unknown}
 R - a scroll of holy word {unknown}
Potions
 d - a potion of berserk rage {unknown}
 e - 3 potions of curing
 h - 4 potions of cancellation {unknown}
 i - 5 potions of lignification {unknown}
 m - 2 potions of flight {unknown}
 n - 2 potions of haste
 o - a potion of degeneration {unknown}
 r - a potion of agility
 w - 4 potions of brilliance {unknown}
 x - a potion of ambrosia {unknown}
 F - a potion of mutation {unknown}
 G - 4 potions of invisibility {unknown}
 Q - a potion of heal wounds {unknown}
Books
 C - a book of Misfortune

   Spells                             Type                      Level
   a - Confusing Touch                Hexes                        1
   b - Confuse                        Hexes                        3
   c - Gell's Gravitas                Translocation                3
   d - Petrify                        Transmutation/Earth          4
   e - Metabolic Englaciation         Hexes/Ice                    5
   f - Yara's Violent Unravelling     Hexes/Transmutation          5
Comestibles
 f - 6 bread rations
 l - 5 meat rations
 t - 3 chunks of flesh


   Skills:
 + Level 6.5 Fighting
 + Level 9.0 Long Blades
 + Level 6.0 Armour
 + Level 2.5 Dodging
 + Level 1.4 Stealth
 + Level 6.3 Shields
 + Level 0.3 Invocations
 + Level 1.4 Evocations


You had 9 spell levels left.
You didn't know any spells.

Dungeon Overview and Level Annotations

Branches:
Dungeon (8/15)             Temple (1/1) D:5            Lair (0/6) D:8

Altars:
Ashenzari
Cheibriados
Elyvilon
Fedhas
Hepliaklqana
Kikubaaqudgha
Okawaru
Qazlal
Ru
Sif Muna
Yredelemnul
The Shining One

Shops:
D:4 ?   D:6 (


Innate Abilities, Weirdness & Mutations

You have a pair of small antennae on your head.
You are partially covered in thin metallic scales. (AC +2)
You may emit foul miasma when damaged in melee.
You are partially covered in sharp spines.
You are immune to rotting.


Message History

The troll is severely wounded.
Evoking this partially-identified wand wasted a few charges.
The electric eel shoots out a bolt of lightning at you!
The bolt of electricity hits you!
* * * LOW HITPOINT WARNING * * *
You see here a wolf skeleton.
Items here: )) [[[ ÷÷÷÷
Things that are here:
a dagger; an orc skeleton
Things that are here:
a hound corpse; a wolf corpse Evoke which item? (* to show all) (? for menu, Esc to quit)
Aiming: Iceblast (will waste charges)
Press: ? - help, Shift-Dir - straight line, f/p - troll
Aim: a troll (heavily wounded) Nothing appears to happen.
You barely miss the troll.
The troll is heavily wounded.
You block the troll's attack. x2; The troll claws you!
You die...

####.........#.###############.#
..#####.#....#.#...............#
#.## #.#.##.#.#.###############
#..# #.#.#.<#.#.# ##.#
#.#.#..#.#.# ##.## #.#.#..#.#.#
##..###.#.#..#.#.#
###.##.......#.#.# #
#..#..######.#@#
##.#.........#T# #..^.#......#†#
#####...#......#)#
........#..#####)########
.....#..#..# #÷........
.....#..#..#####.[.......
.....#..#.....†..........
.......>....†###.........


You could see a troll.

Vanquished Creatures
  The ghost of Kloppie the Sneak, a novice MfGl of Okawaru (Ossuary)
  The ghost of vlindergert the Skirmisher, an amateur MiFi (D:4)
  The ghost of lotsofdiagrams the Digger, an amateur GrEE of Fedhas (D:5)
  A wyvern (D:8)
  A hungry ghost (D:8)
  A black bear (D:7)
  A sky beast (D:5)
  An eye of draining (D:8)
  2 orc warriors (D:6)
  A centaur (D:3)
  4 wolves (D:8)
  4 ogres
  5 bullfrogs
  4 scorpions
  2 howler monkeys
  An electric eel (D:8)
  4 crimson imps
  2 quasits
  A centaur zombie (D:6)
  A bullfrog zombie (D:8)
  6 hounds
  2 jellies
  4 orc priests
  3 orc wizards
  A bullfrog skeleton (D:6)
  Ijyb (D:3)
  2 centaur skeletons
  An iguana (D:8)
  4 worker ants
  3 hound skeletons
  13 mummies
  13 adders
  4 shadow imps
  2 dart slugs (D:2)
  7 leopard geckos
  26 orcs
  11 giant cockroaches
  10 hobgoblins
  12 jackals
  10 kobolds
  A quokka (D:5)
  A ball python (D:8)
  7 bats
  5 frilled lizards (D:1)
  3 gnoll skeletons (Ossuary)
  15 goblins
  A goblin skeleton (Ossuary)
  4 kobold skeletons (Ossuary)
  A leopard gecko zombie (D:7)
  7 rats
  11 rat skeletons (Ossuary)
230 creatures vanquished.

Notes
Turn   | Place    | Note
-------+----------+-------------------------------------------
     0 | D:1      | Peloso the Demonspawn Fighter began the quest for the Orb.
     0 | D:1      | Reached XP level 1. HP: 18/18 MP: 1/1
   194 | D:1      | Gained mutation: You are partially covered in sharp spines. [demonic ancestry]
   194 | D:1      | Reached XP level 2. HP: 19/24 MP: 2/2
   752 | D:2      | Reached skill level 2 in Long Blades
   798 | D:2      | Reached XP level 3. HP: 25/29 MP: 3/3
  1457 | D:2      | Gained mutation: You are immune to rotting. [demonic ancestry]
  1457 | D:2      | Reached XP level 4. HP: 35/35 MP: 4/4
  1662 | D:3      | Noticed Ijyb
  1711 | D:3      | Killed Ijyb
  1825 | D:3      | Reached skill level 3 in Long Blades
  1825 | D:3      | Reached XP level 5. HP: 26/41 MP: 5/5
  2479 | D:3      | Noticed a centaur
  2488 | D:3      | Killed a centaur
  2488 | D:3      | Gained mutation: You are partially covered in thin metallic scales. (AC +2) [demonic ancestry]
  2488 | D:3      | Reached XP level 6. HP: 26/48 MP: 6/6
  3094 | D:4      | Reached skill level 4 in Long Blades
  3111 | D:4      | You fall through a shaft!
  3111 | D:5      | Entered Level 5 of the Dungeon
  3126 | D:5      | Reached skill level 1 in Dodging
  3363 | D:4      | Noticed vlindergert's ghost (amateur MiFi)
  3367 | D:4      | Got a warped helmet
  3387 | D:3      | Identified the +0 helmet "Uxaolad" {Stlth+} (You found it on level 4 of the Dungeon)
  3457 | D:4      | Killed vlindergert's ghost
  3457 | D:4      | Reached XP level 7. HP: 43/54 MP: 7/7
  3518 | D:4      | Found Woxitoq's Magic Scroll Emporium.
  3526 | D:4      | Bought a scroll of magic mapping for 35 gold pieces
  3526 | D:4      | Bought a scroll of teleportation for 30 gold pieces
  3526 | D:4      | Bought a scroll of enchant armour for 75 gold pieces
  3526 | D:4      | Bought a scroll of enchant weapon for 75 gold pieces
  3603 | D:4      | You fall through a shaft!
  3899 | D:5      | Found a staircase to the Ecumenical Temple.
  3900 | D:5      | Noticed lotsofdiagrams's ghost (amateur GrEE)
  3921 | D:5      | Killed lotsofdiagrams's ghost
  3921 | D:5      | Reached skill level 5 in Long Blades
  3938 | Temple   | Entered the Ecumenical Temple
  3969 | Temple   | Became a worshipper of Warmaster Okawaru
  4287 | D:5      | Gained mutation: You may emit foul miasma when damaged in melee. [demonic ancestry]
  4287 | D:5      | Reached XP level 8. HP: 60/61 MP: 8/8
  4348 | D:5      | Found a snail-covered altar of Cheibriados.
  4373 | D:5      | Reached skill level 5 in Shields
  4757 | D:6      | Reached skill level 6 in Long Blades
  5081 | D:6      | Found Buschouq's Weapon Emporium.
  5105 | D:6      | Reached * piety under Okawaru
  5111 | D:6      | Reached skill level 5 in Fighting
  5111 | D:6      | Reached skill level 5 in Armour
  5111 | D:6      | Reached skill level 1 in Stealth
  5784 | D:7      | Reached skill level 7 in Long Blades
  5797 | D:6      | Reached skill level 1 in Evocations
  5797 | D:6      | Gained mutation: You have a pair of small antennae on your head. [demonic ancestry]
  5797 | D:6      | Reached XP level 9. HP: 53/68 MP: 9/9
  5887 | D:6      | HP: 3/68 [orc warrior/halberd (8)]
  6213 | D:7      | Reached ** piety under Okawaru
  6423 | D:7      | Found a deep blue altar of Sif Muna.
  6589 | D:8      | Found a sand-covered staircase.
  6595 | Ossuary  | Entered an ossuary
  6752 | Ossuary  | Noticed Kloppie's ghost (novice MfGl)
  6786 | Ossuary  | Killed Kloppie's ghost
  6786 | Ossuary  | Reached skill level 8 in Long Blades
  7216 | D:8      | Found a white marble altar of Elyvilon.
  7291 | D:8      | Reached *** piety under Okawaru
  7567 | D:8      | Reached XP level 10. HP: 32/77 MP: 11/11
  7598 | D:8      | Found a staircase to the Lair.
  7753 | D:8      | Reached skill level 9 in Long Blades
  7774 | D:8      | Slain by a troll

Skill      XL: |  1  2  3  4  5  6  7  8  9 10 |
---------------+-------------------------------+-----
Shields        | 3 4 5 6 |  6.3
Long Blades    | 2 3 4 5 7 8 9 |  9.0
Armour         | 3 4 5 6 |  6.0
Dodging        | 1 2 |  2.5
Fighting       | 4 5 6 |  6.5
Stealth        | 1 |  1.4
Evocations     | 1 |  1.4
Invocations    | |  0.3

Action                   |  1- 3 |  4- 6 |  7- 9 | 10-12 || total
-------------------------+-------+-------+-------+-------++-------
Melee: Long sword        |   117 |   168 |   470 |    25 ||   780
Invok: Heroism           |       |       |     2 |       ||     2
Evoke: Wand              |       |       |     6 |     3 ||     9
  Use: Potion            |     2 |     1 |     4 |       ||     7
       Scroll            |     1 |       |     5 |       ||     6
  Eat: Chunk             |     1 |     7 |    13 |     1 ||    22
       Royal jelly       |       |       |     2 |       ||     2
Armor: Scale mail        |    49 |       |       |       ||    49
       Chain mail        |    11 |   124 |   186 |    12 ||   333
Dodge: Dodged            |    29 |    43 |    88 |     9 ||   169
Block: Shield            |    73 |    76 |   213 |     8 ||   370
       Rpst.: Long sword |    12 |    14 |    24 |     3 ||    53
